 Dungeon Crawl Stone Soup version 0.31-a0-233-g139696dc86 (webtiles) character file.

Game seed: 12628009773531735237

120 qw the Shooter (level 4, -2/36 HPs)
             Began as a Minotaur Hexslinger on July 7, 2023.
             Killed from afar by an orc wizard (9 damage)
             ... with a puff of flame
             ... on level 3 of the Dungeon.
             The game lasted 00:00:40 (1914 turns).

qw the Shooter (Minotaur Hexslinger)                Turns: 1914, Time: 00:00:40

Health: -2/36      AC:  5    Str: 12    XL:     4   Next: 75%
Magic:  0/4        EV: 11    Int: 10    God:
Gold:   160        SH:  0    Dex: 15    Spells: 4/5 levels left

rFire   . . .        Y - +1 sling
rCold   . . .        (no shield)
rNeg    . . .        b - +0 ring mail
rPois   .            (helmet restricted)
rElec   .            (no cloak)
rCorr   .            (no gloves)
SInv    .            (no boots)
Will    .....        j - amulet of guardian spirit
Stlth   +            (no ring)
HPRegen 0.26/turn    (no ring)
MPRegen 0.09/turn

%: guardian spirit
@: no status effects
A: horns 2, retaliatory headbutt
a: no special abilities


You were on level 3 of the Dungeon.
You visited 1 branch of the dungeon, and saw 3 of its levels.

You collected 160 gold pieces.


Innate Abilities, Weirdness & Mutations

You have a pair of horns on your head.
You reflexively headbutt those who attack you in melee.


   Skills:
 + Level 2.0 Fighting
 - Level 5.2 Ranged Weapons
 - Level 1.0 Armour
 - Level 2.1 Dodging
 - Level 1.0 Spellcasting
 - Level 2.0 Hexes


You had 4 spell levels left.
You knew the following spells:

 Your Spells              Type           Power      Damage    Failure   Level
a - Slow                  Hex            16%        N/A       34%         1

Your spell library contained the following spells:

 Spells                   Type           Power      Damage    Failure   Level
 Inner Flame              Hex/Fire       2%         N/A       83%         3
 Portal Projectile        Hex/Tloc       4%         N/A       83%         3
 Cause Fear               Hex            2%         N/A       98%         4

Inventory:

Hand Weapons
 Y - a +1 sling (weapon)
Armour
 b - a +0 ring mail (worn)
 f - a +0 pair of gloves
Jewellery
 h - a ring of resist corrosion
 j - an amulet of guardian spirit (around neck)
Scrolls
 c - 2 scrolls of identify {unknown}
Potions
 a - a potion of degeneration {unknown}
 d - a potion of heal wounds {unknown}
 e - a potion of attraction {unknown}
 g - a potion of berserk rage {unknown}
 i - a potion of invisibility {unknown}

Dungeon Overview and Level Annotations

Branches:
Dungeon (3/15)

Altars:
Qazlal


Message History

Enter note: You shoot a sling bullet.
The sling bullet barely misses the orc priest.
Something hits you. The orc priest closely misses you.
You shoot a sling bullet.
The sling bullet closely misses the orc priest.
Something hits you but does no damage.
The orc priest hits you but does no damage.
You shoot a sling bullet.
The sling bullet hits the orc priest but does no damage.
The orc priest is severely wounded.
Something hits you. The orc priest closely misses you.
The orc hits the withered plant with a +0 club.
The withered plant begins to crumble.
Something hits you.
You shoot a sling bullet.
The sling bullet hits the orc priest but does no damage.
The orc priest is severely wounded.
The orc priest hits you with a +0 club. Something hits you but does no damage.
The orc priest hits you with a +0 club.
You shoot a sling bullet. The sling bullet hits the orc priest.
You kill the orc priest!
Something hits you.
Your Ranged Weapons skill increases to level 5!
You shoot a sling bullet. The sling bullet hits the orc.
The orc is moderately wounded.
The withered plant crumbles away.
Something hits you but does no damage.
You shoot a sling bullet.
The sling bullet closely misses the orc.
The orc hits you but does no damage. The orc hits you with a +0 mace.
The orc hits you but does no damage.
You shoot a sling bullet. The sling bullet hits the orc.
The orc is severely wounded.
The orc barely misses you. The orc hits you but does no damage.
You shoot a sling bullet. The sling bullet hits the orc.
The orc is almost dead.
The orc hits you with a +0 mace.
You hear some strange, mumbled words.
A puff of flame appears from out of thin air!
The puff of flame hits you!
You die...

#### ....#####
#..~...# # #.~~..P#
#.#.~~~¤P#
#...~~~¤P## ######
....~¤{¤¤¤####....#
.....~o@¤¤........+
#####.o##¤........#
.......¤####....#
...######.###.....#
.# #.......#.###
#.......#+#
#........... #
#..........#
#.####............


You could see 2 orcs.

Vanquished Creatures
  An orc priest (D:3)
  A hound skeleton (D:3)
  A howler monkey skeleton (D:3)
  A howler monkey zombie (D:3)
  An adder (D:2)
  2 orcs (D:3)
  9 endoplasms
  A giant cockroach (D:3)
  3 goblins
  A hobgoblin (D:2)
  4 jackals (D:1)
  3 quokkas
  5 ball pythons
  2 bats (D:2)
  3 frilled lizards
  2 kobolds
  A quokka zombie (D:3)
  A rat (D:3)
42 creatures vanquished.

Notes
Turn   | Place    | Note
-------+----------+-------------------------------------------
     0 | D:1      | qw the Minotaur Hexslinger began the quest for the Orb.
     0 | D:1      | Reached XP level 1. HP: 16/16 MP: 1/1
     0 | D:1      | 0 ||| qw: Version: 0.3-a-46-gb1f654a
     0 | D:1      | 0 ||| qw: Game counter: 3071
     0 | D:1      | 0 ||| qw: Melee chars always use a shield: true
     0 | D:1      | 0 ||| qw: God list: Okawaru
     0 | D:1      | 0 ||| qw: Allow faded altars: false
     0 | D:1      | 0 ||| qw: Do Orc after clearing Dungeon:15 true
     0 | D:1      | 0 ||| qw: Do second Lair branch before Depths: true
     0 | D:1      | 0 ||| qw: Lair rune preference: random
     0 | D:1      | 0 ||| qw: Goals: Normal
     0 | D:1      | 0 ||| PLANNING D:1-11
   384 | D:1      | Reached skill level 3 in Ranged Weapons
   389 | D:1      | Reached XP level 2. HP: 23/23 MP: 2/2
   513 | D:1      | 513 ||| Stepping ~*~*~tactically~*~*~ (outnumbered).
   689 | D:1      | 689 ||| DROPPING scroll of poison.
   916 | D:2      | Reached XP level 3. HP: 27/29 MP: 3/3
  1100 | D:2      | Found a faded altar of an unknown god.
  1454 | D:2      | 1454 ||| UPGRADING to +0 ring mail.
  1464 | D:2      | 1464 ||| DROPPING +0 robe.
  1465 | D:2      | 1465 ||| UPGRADING to amulet of guardian spirit.
  1470 | D:2      | 1470 ||| READING scroll labelled AKHLUF EKHLE.
  1475 | D:2      | 1475 ||| READING 2 scrolls labelled NUALUSTR SUPP.
  1476 | D:2      | 1476 ||| DROPPING scroll of fear.
  1508 | D:3      | Reached skill level 4 in Ranged Weapons
  1667 | D:3      | Reached skill level 1 in Armour
  1717 | D:3      | Found a stormy altar of Qazlal.
  1751 | D:3      | Reached XP level 4. HP: 33/36 MP: 2/4
  1911 | D:3      | Reached skill level 5 in Ranged Weapons
  1912 | D:3      | HP: 9/36 [orc/+0 mace (6)]
  1914 | D:3      | Killed from afar by an orc wizard

Levels and vault maps discovered:
D:1:      dpeg_arrival_shelter, layout_basic
D:2:      layout_loops_cross, nicolae_ecumenical_oubliette
D:3:      layout_basic, xom_confusion_cloud, nicolae_qazlal_general_emergency,
          serial_undead, serial_undead_a, serial_undead_c, serial_undead_f,
          serial_undead_b, serial_undead_d, serial_undead_f, serial_undead_c,
          serial_undead_a, serial_undead_a, serial_undead_d

Skill      XL: |  1  2  3  4 |
---------------+-------------+-----
Ranged Weapons | 3 4 5 |  5.2
Fighting       | 2 |  2.0
Armour         | 1 |  1.0
Dodging        | |  2.1
Spellcasting   | |  1.0
Hexes          | |  2.0

Action                     |  1- 3 |  4- 6 || total
---------------------------+-------+-------++-------
   Fire: Sling             |   125 |    18 ||   143
    Use: Scroll            |     2 |       ||     2
 Armour: Robe              |    13 |       ||    13
         Ring mail         |     4 |    10 ||    14
  Dodge: Dodged            |    32 |     6 ||    38

Table legend:
 A = Non-vault XP
 B = Vault XP
 C = Vault XP percentage of total XP
 D = Non-vault monster count
 E = Vault monster count
 F = Vault count percentage of total count
                 A         B        C        D         E       F
            +---------+---------+-------+---------+---------+-------
      Total |     121 |      51 |  29.7 |      38 |       4 |   9.5
            +---------+---------+-------+---------+---------+-------
        D:1 |      28 |       0 |   0.0 |      15 |       0 |   0.0
        D:2 |      33 |       0 |   0.0 |      13 |       0 |   0.0
        D:3 |      60 |      51 |  45.9 |      10 |       4 |  28.6
            +---------+---------+-------+---------+---------+-------
